 Dungeon Crawl Stone Soup version 0.25-a0-1119-g28b6fd0c3b (webtiles) character file.

Game seed: 6303043159580795602, levelgen mode: deterministic

5789 MisterFreud the Blocker (level 10, -3/82 HPs)
             Began as a Gnoll Fighter on May 18, 2020.
             Was a Believer of Ashenzari.
             Slain by a two-headed ogre
             ... wielding a +0 giant spiked club
              (26 damage)
             ... on level 8 of the Dungeon.
             The game lasted 00:17:15 (11506 turns).

MisterFreud the Blocker (Gnoll Fighter)            Turns: 11506, Time: 00:17:15

Health: -3/82      AC: 16    Str: 16 (18) XL:     10   Next: 79%
Magic:  18/18      EV:  6    Int: 13 (15) God:    Ashenzari [**....]
Gold:   174        SH: 12    Dex: 11 (14) Spells: 20/20 levels left

rFire    . . .     SeeInvis +   a - +1 rapier (curse)
rCold    . . .     Gourm    .   c - +1 kite shield (curse)
rNeg     . . .     Faith    +   j - +0 plate armour
rPois    .         Spirit   .   (no helmet)
rElec    .         Reflect  .   q - +0 cloak
rCorr    .         Harm     .   g - +0 pair of gloves
MR       +....                  (no boots)
Stlth    ..........             e - amulet of faith
HPRegen  0.23/turn              R - ring of see invisible
MPRegen  0.16/turn              o - ring of protection from magic

@: no status effects
A: distributed training, fangs 1, strong nose
a: Curse Item, Scrying, Renounce Religion


You were on level 8 of the Dungeon.
You worshipped Ashenzari.
Ashenzari was pleased with you.
You were not hungry.

You visited 2 branches of the dungeon, and saw 10 of its levels.
You also visited: Ossuary.

You collected 369 gold pieces.
You spent 195 gold pieces at shops.

Inventory:

Hand Weapons
 a - a cursed +1 rapier (weapon)
Missiles
 h - 50 sling bullets
 m - 173 stones (quivered)
 n - 89 arrows
 s - 70 bolts
 y - a throwing net
 N - a poisoned dart
 Q - a boomerang
Armour
 b - a +0 scale mail
 c - a cursed +1 kite shield (worn)
 g - a +0 pair of gloves (worn)
 j - a +0 plate armour (worn)
 q - a +0 cloak (worn)
Jewellery
 e - an amulet of faith (around neck)
 o - a ring of protection from magic (right hand)
 p - an uncursed ring of flight
 x - an uncursed amulet of magic regeneration
 G - an uncursed ring of magical power
 O - an uncursed ring of wizardry
 R - a ring of see invisible (left hand)
Wands
 t - a wand of flame (61)
 A - a wand of polymorph (7)
 C - a wand of random effects (25)
 E - a wand of digging (8)
Scrolls
 d - a scroll of identify
 i - 3 scrolls of fear
 D - 2 scrolls of remove curse
 H - 2 scrolls of enchant weapon
 K - 2 scrolls of teleportation
 L - a scroll of amnesia
 M - a scroll of immolation
Potions
 k - 4 potions of curing
 l - 4 potions of heal wounds
 u - 3 potions of degeneration
 v - a potion of resistance {unknown}
 w - 4 potions of stabbing
 z - 5 potions of haste
 B - a potion of magic {unknown}
 F - 2 potions of brilliance
Comestibles
 f - 10 rations
 r - 7 chunks of flesh


   Skills:
 + Level 8.6 Fighting
 + Level 7.2(9.6) Short Blades
 + Level 5.5 Long Blades
 + Level 5.5 Axes
 + Level 5.5 Maces & Flails
 + Level 5.5 Polearms
 + Level 5.5 Staves
 + Level 5.5 Slings
 + Level 5.5 Bows
 + Level 5.5 Crossbows
 + Level 5.5 Throwing
 + Level 8.6 Armour
 + Level 5.5 Dodging
 + Level 5.5 Stealth
 + Level 8.6(10.1) Shields
 + Level 5.5 Unarmed Combat
 + Level 5.5 Spellcasting
 + Level 4.5 Conjurations
 + Level 4.5 Hexes
 + Level 4.5 Charms
 + Level 4.5 Summonings
 + Level 4.5 Necromancy
 + Level 4.5 Translocations
 + Level 4.5 Transmutations
 + Level 4.5 Fire Magic
 + Level 4.5 Ice Magic
 + Level 4.5 Air Magic
 + Level 4.5 Earth Magic
 + Level 4.5 Poison Magic
 + Level 6.0 Invocations
 + Level 5.5 Evocations


You had 20 spell levels left.
You didn't know any spells.
Your spell library contained the following spells:

 Spells                   Type           Power        Failure   Level  Hunger
 Sting                    Tmut/Pois      ###.         88%         1    None
 Poisonous Vapours        Pois/Air       ###...       95%         2    ##.....
 Confusing Touch          Hex            ###.....     99%         3    ###....
 Gell's Gravitas          Tloc           ###.......   99%         3    ###....
 Ignite Poison            Fire/Tmut/Pois ###.....     99%         3    ###....
 Mephitic Cloud           Conj/Pois/Air  ###.....     99%         3    ###....
 Olgreb's Toxic Radiance  Pois           ###.....     100%        4    ####...
 Petrify                  Tmut/Erth      ###.....     100%        4    ####...
 Metabolic Englaciation   Hex/Ice        ###.......   100%        5    ######.
 Yara's Violent Unravell  Hex/Tmut       ###.......   100%        5    ######.


Dungeon Overview and Level Annotations

Branches:
Dungeon (9/15)             Temple (1/1) D:4            Lair (0/6) D:8
Ossuary (visited)
    Orc: D:9-12

Altars:
Ashenzari
Cheibriados
Dithmenos
Elyvilon
Fedhas
Gozag
Hepliaklqana
Kikubaaqudgha
Makhleb
Nemelex Xobeh
Okawaru
Qazlal
Ru
Sif Muna
Trog
Uskayaw
Vehumet
Wu Jian
Xom
Yredelemnul
Zin
The Shining One

Shops:
D:4 !   D:7 %


Innate Abilities, Weirdness & Mutations

Your experience applies equally to all skills.
You have very sharp teeth.
Your uncanny sense of smell can sniff out nearby items.


Message History

The skeletal warrior hits you but does no damage.
The skeletal warrior hits you with a +0 flail!
Evoke which item? (* to show all) (? for menu, Esc to quit)
Aiming: Random Effects
Press: ? - help, Shift-Dir - straight line, f - skeletal warrior
Aim: a skeletal warrior, wielding a +0 flail The fireball explodes!
The fireball engulfs the skeletal warrior.
The skeletal warrior is lightly damaged.
The fireball engulfs you!
You hear two shouts!
The skeletal warrior hits you with a +0 flail!
* * * LOW HITPOINT WARNING * * *
Unknown command.
Unknown command.
Unknown command.
There is an iron altar of Okawaru here.
The two-headed ogre shouts in stereo!
The two-headed ogre hits you with a +0 giant spiked club!!
You die...

.# #.# #..# #.# #..#.### .#
#.#####..# #.###..#...## .#
#........#####.##.#.#.#..##
##
###..........#.#.###.......
# #.###.####.#..###..P...PP
# #.##..## #...####.P.....P
# #......###.##.##....PPP.P
# #.......#...#..#.)..PP..P
# #..._.z.@...#...P.P.P...P
# #......##O..#.....PP.P..P
# #......###.##...P.PPP.P.P
####### #.######
#.##.....PP.PP.. ......#
#.########.##...P..PP.PPP
#####.#
#.........>##....PP.PP>PP
## #.#
#############.P..PPP.P.PP
.# #.# #.P.P..P..P..
.####.####### #....PP..PP..


You could see a skeletal warrior and a two-headed ogre.

Vanquished Creatures
  Pikel (D:6)
  Joseph (D:7)
  A hippogriff (D:8)
  A hungry ghost (D:7)
  A wyvern (D:8)
  A yak (D:7)
  2 water moccasins
  5 porcupines (D:8)
  Duvessa (D:7)
  2 black bears
  4 orc warriors
  3 ice beasts
  2 sky beasts (D:9)
  A centaur (D:8)
  2 ogres (D:5)
  3 bullfrogs
  Dowan (D:7)
  A water moccasin zombie (Ossuary)
  3 scorpions
  5 killer bees (D:7)
  A howler monkey (D:6)
  A centaur zombie (Ossuary)
  4 bullfrog zombies
  A quasit (D:6)
  3 crimson imps
  2 jellies (D:6)
  3 hounds
  6 orc wizards
  5 orc priests
  A centaur skeleton (D:4)
  A bullfrog skeleton (D:7)
  Natasha (twice) (D:3)
  6 worker ants
  2 iguanas
  A killer bee zombie (Ossuary)
  2 hound zombies (Ossuary)
  11 mummies
  3 worker ant zombies (Ossuary)
  4 gnolls
  5 adders
  2 shadow imps
  2 oozes
  3 adder zombies
  An adder skeleton (D:7)
  2 worms
  A dart slug (D:2)
  3 leopard geckos
  23 orcs
  8 giant cockroaches
  12 goblins
  12 hobgoblins
  4 jackals (D:1)
  6 kobolds
  4 quokkas
  A ball python (D:2)
  9 bats
  4 frilled lizards
  A giant cockroach zombie (Ossuary)
  A jackal skeleton (D:4)
  A kobold zombie (D:4)
  2 leopard gecko skeletons
  2 leopard gecko zombies (Ossuary)
  An orc zombie (D:4)
  A quokka skeleton (D:7)
  3 quokka zombies (Ossuary)
  8 rats
222 creatures vanquished.

Vanquished Creatures (others)
  An orc warrior (D:9)
  An orc wizard (D:8)
  13 fungi (D:8)
  A plant (D:8)
  A withered plant (Ossuary)
17 creatures vanquished.

Grand Total: 239 creatures vanquished

Notes
Turn   | Place    | Note
-------+----------+-------------------------------------------
     0 | D:1      | MisterFreud the Gnoll Fighter began the quest for the Orb.
     0 | D:1      | Reached XP level 1. HP: 23/23 MP: 1/1
   155 | D:1      | Reached XP level 2. HP: 28/29 MP: 2/2
   800 | D:2      | Reached XP level 3. HP: 35/35 MP: 3/3
   992 | D:2      | Found a glowing silver altar of Zin.
   995 | D:2      | Found a basalt altar of Yredelemnul.
  1064 | D:2      | Found a shadowy altar of Dithmenos.
  1115 | D:2      | Reached skill level 1 in Invocations
  1356 | D:2      | Reached skill level 1 in Long Blades
  1356 | D:2      | Reached skill level 1 in Axes
  1356 | D:2      | Reached skill level 1 in Maces & Flails
  1356 | D:2      | Reached skill level 1 in Polearms
  1356 | D:2      | Reached skill level 1 in Staves
  1356 | D:2      | Reached skill level 1 in Slings
  1356 | D:2      | Reached skill level 1 in Bows
  1356 | D:2      | Reached skill level 1 in Crossbows
  1356 | D:2      | Reached skill level 1 in Throwing
  1356 | D:2      | Reached skill level 1 in Dodging
  1356 | D:2      | Reached skill level 1 in Stealth
  1356 | D:2      | Reached skill level 1 in Unarmed Combat
  1356 | D:2      | Reached skill level 1 in Spellcasting
  1356 | D:2      | Reached skill level 1 in Evocations
  1356 | D:2      | Reached XP level 4. HP: 32/41 MP: 5/5
  1640 | D:2      | Found a shimmering blue altar of Sif Muna.
  1939 | D:2      | Reached skill level 1 in Conjurations
  1939 | D:2      | Reached skill level 1 in Hexes
  1939 | D:2      | Reached skill level 1 in Charms
  1939 | D:2      | Reached skill level 1 in Summonings
  1939 | D:2      | Reached skill level 1 in Necromancy
  1939 | D:2      | Reached skill level 1 in Translocations
  1939 | D:2      | Reached skill level 1 in Transmutations
  1939 | D:2      | Reached skill level 1 in Fire Magic
  1939 | D:2      | Reached skill level 1 in Ice Magic
  1939 | D:2      | Reached skill level 1 in Air Magic
  1939 | D:2      | Reached skill level 1 in Earth Magic
  1939 | D:2      | Reached skill level 1 in Poison Magic
  2091 | D:3      | Reached XP level 5. HP: 47/47 MP: 6/6
  2119 | D:3      | Found a glowing golden altar of the Shining One.
  2622 | D:3      | Noticed Natasha
  2628 | D:3      | Killed Natasha
  2744 | D:3      | Noticed Natasha
  2767 | D:3      | Killed Natasha
  2811 | D:3      | You fall into a shaft and drop 3 floors!
  2842 | D:6      | Reached XP level 6. HP: 51/53 MP: 8/8
  2892 | D:5      | Entered Level 5 of the Dungeon
  3028 | D:5      | Reached skill level 5 in Short Blades
  3074 | D:5      | Found a stormy altar of Qazlal.
  3193 | D:4      | Found a staircase to the Ecumenical Temple.
  3202 | Temple   | Entered the Ecumenical Temple
  3656 | D:4      | Found Yxuhud's Distillery.
  3664 | D:4      | Bought a potion of heal wounds for 65 gold pieces
  3664 | D:4      | Bought 2 potions of heal wounds for 130 gold pieces
  3712 | D:4      | Reached XP level 7. HP: 16/59 MP: 10/10
  3745 | D:4      | Found a sand-covered staircase.
  3758 | Ossuary  | Entered an ossuary
  4758 | Ossuary  | Reached XP level 8. HP: 64/67 MP: 12/12
  5689 | D:5      | Found a sparkling altar of Nemelex Xobeh.
  5730 | D:5      | Found a bloodstained altar of Trog.
  5730 | D:5      | Found a shattered altar of Ashenzari.
  5735 | D:5      | Became a worshipper of Ashenzari the Shackled
  5770 | D:6      | Noticed Grinder
  5770 | D:6      | Paralysed by Grinder for 2 turns
  5772 | D:6      | Noticed Grinder
  5772 | D:6      | Grinder changed into Grinder the quasit
  5786 | D:6      | Killed Grinder the quasit
  6551 | D:6      | Noticed Pikel
  6596 | D:6      | Killed Pikel
  6596 | D:6      | Reached XP level 9. HP: 53/73 MP: 13/15
  7006 | D:7      | Reached * piety under Ashenzari
  7428 | D:7      | Noticed Joseph
  7429 | D:7      | Noticed a two-headed ogre
  7952 | D:8      | Found a staircase to the Lair.
  7981 | D:8      | Reached skill level 5 in Invocations
  8395 | D:7      | Killed Joseph
  8395 | D:7      | Reached XP level 10. HP: 53/80 MP: 17/17
  9042 | D:7      | Reached skill level 5 in Long Blades
  9042 | D:7      | Reached skill level 5 in Axes
  9042 | D:7      | Reached skill level 5 in Maces & Flails
  9042 | D:7      | Reached skill level 5 in Polearms
  9042 | D:7      | Reached skill level 5 in Staves
  9042 | D:7      | Reached skill level 5 in Slings
  9042 | D:7      | Reached skill level 5 in Bows
  9042 | D:7      | Reached skill level 5 in Crossbows
  9042 | D:7      | Reached skill level 5 in Throwing
  9042 | D:7      | Reached skill level 5 in Dodging
  9042 | D:7      | Reached skill level 5 in Stealth
  9042 | D:7      | Reached skill level 5 in Unarmed Combat
  9042 | D:7      | Reached skill level 5 in Spellcasting
  9042 | D:7      | Reached skill level 5 in Evocations
  9565 | D:7      | Noticed Duvessa
  9565 | D:7      | Noticed Dowan
  9745 | D:7      | Killed Duvessa
  9752 | D:7      | Killed Dowan
  9767 | D:7      | Found Qegaudos's Food Shop.
 10541 | D:8      | Found an iron altar of Okawaru.
 10552 | D:8      | Reached ** piety under Ashenzari
 10573 | D:8      | Noticed a two-headed ogre
 11059 | D:9      | Noticed a skeletal warrior
 11506 | D:8      | Slain by a two-headed ogre

Illustrated notes

Levels and vault maps discovered:
D:1:      minmay_arrival_wavy_path, layout_basic, st_stairs_1, feat_on_display
D:2:      layout_basic, grunt_temple_overflow_open, lemuel_blue_sif_altar,
          chequers_big_river, grunt_dithmenos_smoke_and_mirrors
D:3:      layout_basic, lemuel_round_altar, minmay_fractal_squares_5,
          uniq_natasha
D:4:      layout_basic, minmay_temple_entry_mini_moons, first_ration,
          serial_shops, shop_fountains, nicolae_ossuary_entry_giza
D:5:      layout_basic, nicolae_qazlal_general_emergency,
          gammafunk_temple_overflow_elements, nemelex_diamond_rough_becter
D:6:      layout_loops_cross, corexii_item_surrounded_by_moat,
          kennysheep_crisscross, uniq_pikel, uniq_grinder
D:7:      layout_gridville, serial_shops, nicolae_shop_statue_plus,
          corexii_checkpoint_a, uniq_joseph, uniq_duvessa
D:8:      layout_loops_ring, due_lair_maze_entry_diamond, basic_altar
D:9:      cheibrodos_ideogram_h, layout_irregular_city, hangedman_ranch
          [blue_anna_fruit_fields], minivault_22, makhleb_blood_cavern_becter,
          uniq_harold
Temple:   regret_index_temple_waves

Skill      XL: |  1  2  3  4  5  6  7  8  9 10 |
---------------+-------------------------------+-----
Invocations    | 1 2 3 4 5 6 |  6.0
Long Blades    | 1 2 4 5 |  5.5
Axes           | 1 2 4 5 |  5.5
Maces & Flails | 1 2 4 5 |  5.5
Polearms       | 1 2 4 5 |  5.5
Staves         | 1 2 4 5 |  5.5
Slings         | 1 2 4 5 |  5.5
Bows           | 1 2 4 5 |  5.5
Crossbows      | 1 2 4 5 |  5.5
Throwing       | 1 2 4 5 |  5.5
Dodging        | 1 2 4 5 |  5.5
Stealth        | 1 2 4 5 |  5.5
Unarmed Combat | 1 2 4 5 |  5.5
Spellcasting   | 1 2 4 5 |  5.5
Evocations     | 1 2 4 5 |  5.5
Conjurations   | 1 2 3 4 |  4.5
Hexes          | 1 2 3 4 |  4.5
Charms         | 1 2 3 4 |  4.5
Summonings     | 1 2 3 4 |  4.5
Necromancy     | 1 2 3 4 |  4.5
Translocations | 1 2 3 4 |  4.5
Transmutations | 1 2 3 4 |  4.5
Fire Magic     | 1 2 3 4 |  4.5
Ice Magic      | 1 2 3 4 |  4.5
Air Magic      | 1 2 3 4 |  4.5
Earth Magic    | 1 2 3 4 |  4.5
Poison Magic   | 1 2 3 4 |  4.5
Short Blades   | 5 6 7 |  7.2
Fighting       | 7 8 |  8.6
Armour         | 7 8 |  8.6
Shields        | 7 8 |  8.6

Action                   |  1- 3 |  4- 6 |  7- 9 | 10-12 || total
-------------------------+-------+-------+-------+-------++-------
Melee: Rapier            |   120 |   235 |   555 |   409 ||  1319
       Bite              |    14 |    25 |    58 |    44 ||   141
Throw: Throwing net      |       |       |       |     1 ||     1
Invok: Curse Item        |       |       |     2 |       ||     2
Evoke: Wand              |       |       |     2 |     1 ||     3
  Use: Scroll            |       |     8 |     2 |     7 ||    17
       Potion            |       |       |     4 |     6 ||    10
 Stab: Invisible         |       |       |       |     3 ||     3
  Eat: Chunk             |     1 |     8 |     5 |     9 ||    23
       Ration            |       |       |     3 |     1 ||     4
Armor: Scale mail        |    57 |    33 |       |       ||    90
       Plate armour      |       |    51 |   207 |   135 ||   393
       Skin              |       |       |    22 |    58 ||    80
Dodge: Dodged            |    29 |    40 |    74 |    59 ||   202
Block: Kite shield       |    71 |   116 |   255 |   213 ||   655

Table legend:
 A = Non-vault XP
 B = Vault XP
 C = Vault XP percentage of total XP
 D = Non-vault monster count
 E = Vault monster count
 F = Vault count percentage of total count
                 A         B        C        D         E       F
            +---------+---------+-------+---------+---------+-------
      Total |    5024 |    3246 |  39.3 |     166 |      58 |  25.9
            +---------+---------+-------+---------+---------+-------
        D:1 |      24 |       4 |  14.3 |      14 |       3 |  17.6
        D:2 |      98 |       0 |   0.0 |      27 |       0 |   0.0
        D:3 |     137 |      54 |  28.3 |      23 |       8 |  25.8
        D:4 |     163 |      20 |  10.9 |      14 |       3 |  17.6
        D:5 |     596 |       0 |   0.0 |      11 |       0 |   0.0
        D:6 |     650 |     675 |  50.9 |      14 |       2 |  12.5
        D:7 |    1796 |     839 |  31.8 |      40 |       6 |  13.0
        D:8 |    1041 |    1010 |  49.2 |      15 |       8 |  34.8
        D:9 |     519 |       0 |   0.0 |       8 |       0 |   0.0
    Ossuary |       0 |     644 | 100.0 |       0 |      28 | 100.0
            +---------+---------+-------+---------+---------+-------
